 Dungeon Crawl Stone Soup version 0.30.0-29-ga12c61a403 (webtiles) character file.

Game seed: 10420318936937993458

48669 qw the Severer (level 14, -11/92 HPs)
             Began as a Gargoyle Fighter on June 5, 2023.
             Was an Elder of Okawaru.
             Mangled by Sonja
             ... wielding a +2 short sword of distortion
              (20 damage)
             ... on level 11 of the Dungeon.
             The game lasted 00:07:50 (17999 turns).

qw the Severer (Gargoyle Fighter)                  Turns: 17999, Time: 00:07:51

Health: -11/92     AC: 48    Str: 30    XL:     14   Next: 47%
Magic:  18/21      EV: 11    Int: 10    God:    Okawaru [****..]
Gold:   644        SH:  9    Dex: 11    Spells: 13/13 levels left

rFire   + . .        Y - +3 broad axe (flame)
rCold   + . .        p - +2 buckler {rN+}
rNeg    + + +        v - +4 plate armour {rC+}
rPois   inf          r - +2 helmet
rElec   +            (no cloak)
rCorr   .            e - +2 pair of gloves {infuse}
SInv    .            b - +2 pair of boots
Will    +....        (no amulet) Stlth
                     w - ring of Heov {rF+ rN+ Str+6 Dex+2}
HPRegen 1.15/turn    o - +4 ring of protection
MPRegen 0.17/turn

%: infuse magic (1 MP)
@: heroic, flying
A: sickness immunity, AC +10, big wings, negative energy resistance 1,
electricity resistance, torment resistance 1, petrification resistance, hooves
1, iridescent scales 1, regeneration 1, sturdy frame 1
a: Renounce Religion, Heroism, Finesse


You were on level 11 of the Dungeon.
You worshipped Okawaru.
Okawaru was greatly pleased with you.
You visited 2 branches of the dungeon, and saw 16 of its levels.

You collected 1418 gold pieces.
You spent 774 gold pieces at shops.


Innate Abilities, Weirdness & Mutations

You are immune to sickness and miasma.
Your stone body is resilient. (AC +10)
You are immune to poison.
Your large and strong wings let you fly.
You resist negative energy. (rN+)
You are resistant to electric shocks. (rElec)
You are resistant to unholy torment.
You are immune to petrification.
You have large cloven feet.
You are partially covered in iridescent scales. (AC +2)
Your natural rate of healing is unusually fast.
Your movements are slightly less encumbered by armour. (ER -2)


   Skills:
 - Level 12.0(17.0) Fighting
 - Level 15.0(20.0) Axes
 - Level 5.2(10.2) Throwing
 - Level 11.0(16.0) Armour
 - Level 3.0(8.0) Dodging
 + Level 7.2(12.2) Shields
 - Level 10.0 Invocations


You had 13 spell levels left.
You didn't know any spells.
Your spell library was empty.

Inventory:

Hand Weapons
 Y - a +3 broad axe of flaming (weapon)
Missiles
 z - 10 boomerangs
 A - 11 javelins (quivered)
Armour
 b - a +2 pair of boots (worn)
 e - a +2 pair of gloves of infusion (worn)
 i - +0 acid dragon scales
 p - a +2 buckler of positive energy (worn)
 r - a +2 helmet (worn)
 v - a +4 plate armour of cold resistance (worn)
Jewellery
 m - an amulet of guardian spirit
 o - a +4 ring of protection (right hand)
 t - a ring of protection from cold
 w - the ring of Heov (left hand) {rF+ rN+ Str+6 Dex+2}
   (You acquired it on level 3 of the Lair of Beasts)

   [ring of strength]

   Str:       It affects your strength (+6).
   Dex:       It affects your dexterity (+2).
   rF:        It protects you from fire.
   rN:        It protects you from negative energy.
 x - a ring of protection from fire
Scrolls
 a - 4 scrolls of teleportation
 k - 8 scrolls of identify
Potions
 d - 3 potions of might
 f - 9 potions of curing
 g - 3 potions of mutation
 h - 2 potions of lignification
 j - a potion of attraction
 n - 4 potions of haste
 q - 2 potions of magic
 s - 3 potions of cancellation
 u - 4 potions of heal wounds

Dungeon Overview and Level Annotations

Branches:
Dungeon (11/15)            Temple (0/1) D:5            Lair (5/5) D:9
 Shoals (0/4) Lair:2        Snake (0/4) Lair:2        Slime (0/5) Lair:4
    Orc (0/2) D:9

Altars:
Dithmenos
Gozag
Hepliaklqana
Kikubaaqudgha
Nemelex Xobeh
Okawaru
Qazlal
Sif Muna
Uskayaw
Vehumet
Xom
Jiyva

Shops:
D:5 !   D:9 **

Annotations:
D:7 2 transporters, qw's ghost, novice GrFi
D:8 1 runed translucent door
D:11 Sonja


Message History

You reach down and open the door.
Sonja and a wraith come into view.
Sonja is wielding a +2 short sword of distortion and quivering curare-tipped darts.
Sonja shouts!
There is an open door here.
You block Sonja's attack. Sonja barely misses you.
Sonja hits you but does no damage. Space warps around you.
You barely miss Sonja. Sonja hits you but does no damage.
Sonja barely misses you. Sonja hits you but does no damage.
You miss Sonja. You slash the wraith! You burn the wraith.
The wraith hits you but does no damage. Sonja hits you but does no damage.
Space warps horribly around you! Sonja hits you but does no damage.
You blink.
17987 ||| Stepping ~*~*~tactically~*~*~ (hiding).
Found 25 gold pieces.
17988 ||| Stepping ~*~*~tactically~*~*~ (hiding).
Sonja throws a curare-tipped dart.
The curare-tipped dart closely misses you.
17989 ||| Stepping ~*~*~tactically~*~*~ (hiding).
You start resting.
Sonja is nearby!
Sonja throws a curare-tipped dart.
The curare-tipped dart hits you.
You block Sonja's attack. x2; Sonja hits you but does no damage.
You blink.
Sonja throws a curare-tipped dart.
The curare-tipped dart hits you. You block Sonja's attack.
Sonja hits you but does no damage.
You blink.
17995 ||| Stepping ~*~*~tactically~*~*~ (hiding).
Found a helmet.
You slice the wraith!! You burn the wraith!
You destroy the wraith!
Okawaru accepts your kill.
Sonja hits you but does no damage. x2; Space warps horribly around you!!
You block Sonja's attack. Sonja hits you but does no damage.
Space warps horribly around you!! Sonja hits you but does no damage.
Space warps horribly around you! Sonja barely misses you.
17999 ||| INVOKING Heroism.
You gain the combat prowess of a mighty hero.
Sonja hits you but does no damage. Space warps horribly around you!!
Sonja hits you but does no damage. Space warps around you.
Sonja hits you but does no damage. Space warps horribly around you!!
You die...

#.##................
###.....###.###..####.
.........##.# #..#
.##.#...###.# #..##
..$.........# #...#
.#####..##### #)#.# .[
#..# #.#.#
....#####K.# #.#.###.
#.....@..## #.......
#####.....## ###.####
#.......## ##..##
#.........####..#.###
+.........'....###...
#.........###.## ##.#
##.......###.## ##.
##.....## ##.## ##.#
##...## ##.###.##


You could see Sonja.

Vanquished Creatures
  Josephine (D:10)
  7 hydras
  A centaur warrior (D:9)
  A boulder beetle (Lair:2)
  3 death yaks (Lair:5)
  A two-headed ogre (D:9)
  Urug (Lair:1)
  2 skysharks
  2 wolf spiders (Lair:5)
  An oklob plant (D:7)
  2 manticores
  10 elephants
  12 black mambas
  A guardian serpent (Lair:5)
  A rime drake (Lair:5)
  13 cane toads
  11 komodo dragons
  4 polar bears
  A troll (D:9)
  4 hornets
  Prince Ribbit (D:7)
  Grinder (D:4)
  18 blink frogs
  A snapping turtle (Lair:2)
  A dream sheep (Lair:5)
  Sigmund (D:4)
  A spriggan (Lair:4)
  29 yaks
  10 wyverns
  5 wraiths
  Grum (Lair:1)
  An unseen horror simulacrum (D:9)
  A basilisk (Lair:5)
  2 redbacks (Lair:5)
  2 steam dragons
  Menkaure (D:5)
  3 acid dragons
  Duvessa (D:4)
  2 nagas (Lair:2)
  23 water moccasins
  A sky beast (D:6)
  3 orc warriors
  3 black bears
  2 ice beasts (D:6)
  15 wolves
  2 ogres (D:5)
  4 centaurs
  A phantom (D:6)
  A kobold brigand (D:9)
  9 bullfrogs
  2 scorpions (D:5)
  A gnoll sergeant (D:6)
  8 wights
  Dowan (D:4)
  11 killer bees (D:9)
  4 electric eels
  3 howler monkeys
  9 jellies
  5 hounds
  An orc priest (D:10)
  3 iguanas
  9 orc wizards
  Natasha (thrice) (D:4)
  Robin (D:4)
  3 adders
  8 gnolls
  3 shadow imps
  3 white imps (D:6)
  2 ufetubi
  4 worms
  5 dart slugs
  19 orcs
  8 bats
  21 endoplasms
  5 giant cockroaches
  8 hobgoblins
  2 jackals (D:1)
  A quokka (D:2)
  6 ball pythons
  4 frilled lizards (D:2)
  12 goblins
  10 kobolds
  7 rats
417 creatures vanquished.

Notes
Turn   | Place    | Note
-------+----------+-------------------------------------------
     0 | D:1      | qw the Gargoyle Fighter began the quest for the Orb.
     0 | D:1      | Reached XP level 1. HP: 14/14 MP: 1/1
     0 | D:1      | 0 ||| qw: Version: 0.2-a-108-gee2c290
     0 | D:1      | 0 ||| qw: Game counter: 1410
     0 | D:1      | 0 ||| qw: Always use a shield: true
     0 | D:1      | 0 ||| qw: God list: Okawaru
     0 | D:1      | 0 ||| qw: Allow faded altars: false
     0 | D:1      | 0 ||| qw: Do Orc after D:15 true
     0 | D:1      | 0 ||| qw: Do second Lair branch before Depths: true
     0 | D:1      | 0 ||| qw: Lair rune preference: random
     0 | D:1      | 0 ||| qw: Plans: Normal, Zot:1-4, Slime:5, God:TSO, Crypt,
                  | Tomb, Abyss, Pan, Hells, Win
     0 | D:1      | 0 ||| PLANNING D:1-11
   112 | D:1      | Reached skill level 2 in Axes
   135 | D:1      | Reached XP level 2. HP: 19/19 MP: 2/2
   164 | D:1      | 164 ||| Stepping ~*~*~tactically~*~*~ (stealth).
   204 | D:1      | 204 ||| Stepping ~*~*~tactically~*~*~ (hiding).
   207 | D:1      | 207 ||| Stepping ~*~*~tactically~*~*~ (hiding).
   328 | D:1      | Found a faded altar of an unknown god.
   332 | D:1      | 332 ||| FLEEEEING.
   333 | D:1      | 333 ||| FLEEEEING.
   334 | D:1      | 334 ||| FLEEEEING.
   335 | D:1      | 335 ||| FLEEEEING.
   336 | D:1      | 336 ||| FLEEEEING.
   337 | D:1      | 337 ||| FLEEEEING.
   338 | D:1      | 338 ||| FLEEEEING.
   339 | D:1      | 339 ||| FLEEEEING.
   340 | D:1      | 340 ||| FLEEEEING.
   341 | D:1      | 341 ||| FLEEEEING.
   343 | D:1      | 343 ||| FLEEEEING.
   344 | D:1      | 344 ||| FLEEEEING.
   345 | D:1      | 345 ||| FLEEEEING.
   346 | D:1      | 346 ||| FLEEEEING.
   347 | D:1      | 347 ||| FLEEEEING.
   463 | D:1      | 463 ||| UPGRADING to amulet of guardian spirit.
   468 | D:1      | 468 ||| READING scroll labelled NOEKHU EGAFUWK.
   469 | D:1      | 469 ||| READING scroll labelled PASSICH DAFFA.
   470 | D:1      | 470 ||| READING scroll labelled FOAV NUEREWUECH.
   471 | D:1      | 471 ||| READING scroll labelled DEIBRYA VONG.
   484 | D:1      | 484 ||| READING scroll labelled COOSKO ZASTREAD.
   485 | D:1      | 485 ||| DRINKING 3 clear potions.
   485 | D:1      | Gained mutation: You have large cloven feet. [potion of
                  | mutation]
   485 | D:1      | Gained mutation: Your natural rate of healing is unusually
                  | fast. [potion of mutation]
   485 | D:1      | Gained mutation: Your movements are slightly less
                  | encumbered by armour. (ER -2) [potion of mutation]
   485 | D:1      | Gained mutation: You are partially covered in iridescent
                  | scales. (AC +2) [potion of mutation]
   514 | D:2      | Reached skill level 3 in Axes
   526 | D:2      | Reached XP level 3. HP: 23/23 MP: 3/3
   680 | D:2      | 680 ||| Stepping ~*~*~tactically~*~*~ (hiding).
   681 | D:2      | 681 ||| Stepping ~*~*~tactically~*~*~ (hiding).
   686 | D:2      | 686 ||| Stepping ~*~*~tactically~*~*~ (hiding).
   687 | D:2      | 687 ||| Stepping ~*~*~tactically~*~*~ (hiding).
   701 | D:2      | Reached XP level 4. HP: 22/28 MP: 0/4
   735 | D:2      | 735 ||| Stepping ~*~*~tactically~*~*~ (stealth).
   738 | D:2      | 738 ||| Stepping ~*~*~tactically~*~*~ (hiding).
   758 | D:2      | 758 ||| Stepping ~*~*~tactically~*~*~ (stealth).
   796 | D:2      | Reached skill level 4 in Axes
   802 | D:2      | Identified the +10 spear "Ilaunui" {flame, rElec rC++ rCorr
                  | Str-5}
   889 | D:2      | 889 ||| Stepping ~*~*~tactically~*~*~ (stealth).
   953 | D:2      | Found an iron altar of Okawaru.
   954 | D:2      | 954 ||| PLANNING OKAWARU WORSHIP
   955 | D:2      | 955 ||| READING scroll labelled KARIATH CAMOK.
   962 | D:2      | Became a worshipper of Warmaster Okawaru
   962 | D:2      | 962 ||| PLANNING D:1-11
   963 | D:2      | 963 ||| REMOVING amulet of guardian spirit.
  1591 | D:3      | 1591 ||| Stepping ~*~*~tactically~*~*~ (hiding).
  1801 | D:3      | Reached XP level 5. HP: 29/32 MP: 5/5
  1815 | D:3      | Reached * piety under Okawaru
  1816 | D:3      | Reached skill level 5 in Axes
  1832 | D:3      | Reached skill level 1 in Invocations
  1832 | D:3      | Reached XP level 6. HP: 35/38 MP: 5/7
  2146 | D:3      | 2146 ||| UPGRADING to +2 pair of gloves of infusion.
  2151 | D:3      | 2151 ||| UPGRADING to +0 chain mail.
  2161 | D:3      | 2161 ||| DROPPING +0 scale mail.
  2162 | D:3      | 2162 ||| READING scroll labelled CIADEF FAISA.
  2163 | D:3      | 2163 ||| READING scroll labelled SOWNUT PEPN.
  2210 | D:4      | Noticed Natasha
  2211 | D:4      | 2211 ||| INVOKING Heroism.
  2215 | D:4      | Killed Natasha
  2414 | D:4      | Noticed Sigmund
  2415 | D:4      | 2415 ||| Stepping ~*~*~tactically~*~*~ (hiding).
  2417 | D:4      | 2417 ||| Stepping ~*~*~tactically~*~*~ (hiding).
  2418 | D:4      | 2418 ||| INVOKING Heroism.
  2420 | D:4      | 2420 ||| Stepping ~*~*~tactically~*~*~ (hiding).
  2422 | D:4      | Noticed Natasha
  2433 | D:4      | Reached skill level 1 in Throwing
  2436 | D:4      | Killed Natasha
  2438 | D:4      | Killed Sigmund
  2439 | D:4      | Reached skill level 6 in Axes
  2439 | D:4      | Reached XP level 7. HP: 37/43 MP: 0/8
  2533 | D:4      | 2533 ||| Stepping ~*~*~tactically~*~*~ (stealth).
  2536 | D:4      | 2536 ||| Stepping ~*~*~tactically~*~*~ (stealth).
  2598 | D:4      | Noticed Grinder
  2599 | D:4      | 2599 ||| Stepping ~*~*~tactically~*~*~ (hiding).
  2600 | D:4      | 2600 ||| INVOKING Heroism.
  2605 | D:4      | Killed Grinder
  2606 | D:4      | Reached skill level 1 in Dodging
  2606 | D:4      | Reached skill level 3 in Invocations
  2611 | D:4      | Noticed Natasha
  2615 | D:4      | Killed Natasha
  2722 | D:4      | Found a stormy altar of Qazlal.
  2754 | D:4      | Noticed Robin
  2755 | D:4      | 2755 ||| INVOKING Heroism.
  2762 | D:4      | Killed Robin
  2948 | D:4      | Reached XP level 8. HP: 48/48 MP: 6/10
  3049 | D:4      | 3049 ||| Stepping ~*~*~tactically~*~*~ (hiding).
  3050 | D:4      | 3050 ||| Stepping ~*~*~tactically~*~*~ (hiding).
  3105 | D:4      | 3105 ||| Stepping ~*~*~tactically~*~*~ (stealth).
  3106 | D:4      | 3106 ||| Stepping ~*~*~tactically~*~*~ (stealth).
  3211 | D:4      | Noticed Duvessa
  3212 | D:4      | 3212 ||| INVOKING Heroism.
  3215 | D:4      | Noticed Dowan
  3217 | D:4      | Killed Duvessa
  3224 | D:4      | Killed Dowan
  3289 | D:4      | 3289 ||| UPGRADING to +0 helmet.
  3294 | D:4      | 3294 ||| UPGRADING to ring of positive energy.
  3295 | D:4      | 3295 ||| READING scroll labelled LEMOTA RUDDOE.
  3299 | D:4      | 3299 ||| READING scroll labelled XIUVOQIPIW.
  3300 | D:4      | 3300 ||| READING scroll labelled KIXKUOQAGE.
  3301 | D:4      | 3301 ||| DRINKING 2 green potions.
  3302 | D:4      | 3302 ||| READING 2 scrolls of identify.
  3302 | D:4      | 3302 ||| IDENTIFYING lumpy orange potion
  3333 | D:5      | Entered Level 5 of the Dungeon
  3408 | D:5      | Reached skill level 7 in Axes
  3499 | D:5      | Found Ewnei's Distillery.
  3515 | D:5      | 3515 ||| BUYING 2 potions of curing (72 gold).
  3515 | D:5      | Bought 2 potions of curing for 72 gold pieces
  3515 | D:5      | 3515 ||| BUYING potion of cancellation (96 gold).
  3515 | D:5      | Bought a potion of cancellation for 96 gold pieces
  3515 | D:5      | 3515 ||| BUYING potion of heal wounds (60 gold).
  3515 | D:5      | Bought a potion of heal wounds for 60 gold pieces
  3515 | D:5      | 3515 ||| BUYING potion of might (48 gold).
  3515 | D:5      | Bought a potion of might for 48 gold pieces
  3515 | D:5      | Found a staircase to the Ecumenical Temple.
  3635 | D:5      | Reached ** piety under Okawaru
  3717 | D:5      | 3717 ||| INVOKING Heroism.
  3861 | D:5      | Noticed Menkaure
  3863 | D:5      | 3863 ||| INVOKING Heroism.
  3867 | D:5      | Killed Menkaure
  3876 | D:5      | Reached skill level 8 in Axes
  4043 | D:5      | Found an ancient bone altar of Kikubaaqudgha.
  4044 | D:5      | Found a shadowy altar of Dithmenos.
  4045 | D:5      | Found a shimmering blue altar of Sif Muna.
  4046 | D:5      | Found an opulent altar of Gozag.
  4047 | D:5      | Found a radiant altar of Vehumet.
  4047 | D:5      | Found an iron altar of Okawaru.
  4048 | D:5      | Found a hide-covered altar of Uskayaw.
  4049 | D:5      | Found a sparkling altar of Nemelex Xobeh.
  4049 | D:5      | Found a hazy altar of Hepliaklqana.
  4126 | D:5      | Found a shimmering altar of Xom.
  4343 | D:5      | 4343 ||| DROPPING +0 mace.
  4379 | D:5      | 4379 ||| DROPPING ring of wizardry.
  4380 | D:5      | 4380 ||| READING scroll labelled SUNKUN BEME.
  4381 | D:5      | 4381 ||| READING scroll labelled VEWIFIKLIRPH.
  4382 | D:5      | 4382 ||| DRINKING 2 orange potions.
  4383 | D:5      | 4383 ||| READING 3 scrolls of identify.
  4383 | D:5      | 4383 ||| IDENTIFYING murky purple potion
  4384 | D:5      | 4384 ||| READING 2 scrolls of identify.
  4384 | D:5      | 4384 ||| IDENTIFYING ruby potion
  4385 | D:5      | 4385 ||| DROPPING potion of degeneration.
  4386 | D:5      | 4386 ||| DROPPING potion of ambrosia.
  4480 | D:6      | 4480 ||| INVOKING Heroism.
  4606 | D:6      | Reached XP level 9. HP: 54/54 MP: 7/12
  4686 | D:6      | 4686 ||| INVOKING Heroism.
  4695 | D:6      | Reached skill level 6 in Fighting
  4777 | D:6      | 4777 ||| Stepping ~*~*~tactically~*~*~ (hiding).
  4840 | D:6      | 4840 ||| READING scroll of enchant weapon.
  4840 | D:6      | 4840 ||| ENCHANTING +1 war axe of protection.
  4976 | D:6      | 4976 ||| Stepping ~*~*~tactically~*~*~ (hiding).
  4980 | D:6      | 4980 ||| Stepping ~*~*~tactically~*~*~ (hiding).
  4985 | D:6      | 4985 ||| Stepping ~*~*~tactically~*~*~ (hiding).
  4988 | D:6      | 4988 ||| DRINKING 3 potions of curing.
  4988 | D:6      | 4988 ||| (to cure confusion)
  4990 | D:6      | 4990 ||| DRINKING 2 potions of curing.
  4990 | D:6      | 4990 ||| (to cure confusion)
  5094 | D:6      | 5094 ||| INVOKING Heroism.
  5099 | D:6      | Reached *** piety under Okawaru
  5100 | D:6      | Reached skill level 9 in Axes
  5606 | D:6      | 5606 ||| Stepping ~*~*~tactically~*~*~ (hiding).
  5713 | D:6      | 5713 ||| READING 4 scrolls of identify.
  5713 | D:6      | 5713 ||| IDENTIFYING pink potion
  5714 | D:6      | 5714 ||| DROPPING potion of flight.
  5766 | D:7      | Noticed a cyclops
  5766 | D:7      | Noticed qw's ghost (novice GrFi)
  5778 | D:7      | 5778 ||| Stepping ~*~*~tactically~*~*~ (hiding).
  5899 | D:7      | Noticed Prince Ribbit
  5900 | D:7      | 5900 ||| Stepping ~*~*~tactically~*~*~ (stealth).
  5901 | D:7      | 5901 ||| Stepping ~*~*~tactically~*~*~ (stealth).
  5903 | D:7      | 5903 ||| INVOKING Heroism.
  5912 | D:7      | Reached XP level 10. HP: 63/63 MP: 8/13
  5923 | D:7      | Killed Prince Ribbit
  6053 | D:7      | Found a transporter.
  6064 | D:7      | Noticed an oklob plant
  6074 | D:7      | Found a transporter.
  6253 | D:7      | 6253 ||| READING scroll of enchant weapon.
  6253 | D:7      | 6253 ||| ENCHANTING +2 war axe of protection.
  6280 | D:7      | Noticed an oklob plant
  6281 | D:7      | 6281 ||| INVOKING Heroism.
  6292 | D:7      | Reached skill level 10 in Axes
  6309 | D:7      | Killed an oklob plant
  6309 | D:7      | Reached **** piety under Okawaru
  7560 | D:8      | Found a runed translucent door.
  7882 | D:8      | 7882 ||| UPGRADING to +2 pair of boots.
  8259 | D:9      | 8259 ||| INVOKING Heroism.
  8268 | D:9      | Reached skill level 6 in Armour
  8268 | D:9      | 8268 ||| Stepping ~*~*~tactically~*~*~ (stealth).
  8288 | D:9      | 8288 ||| Stepping ~*~*~tactically~*~*~ (stealth).
  8289 | D:9      | 8289 ||| Stepping ~*~*~tactically~*~*~ (stealth).
  8319 | D:9      | 8319 ||| Stepping ~*~*~tactically~*~*~ (hiding).
  8320 | D:9      | 8320 ||| Stepping ~*~*~tactically~*~*~ (hiding).
  8334 | D:9      | Reached skill level 6 in Invocations
  8420 | D:9      | Found a staircase to the Lair.
  8421 | D:9      | 8421 ||| INVOKING Heroism.
  8444 | D:9      | 8444 ||| INVOKING Heroism.
  8561 | D:9      | 8561 ||| DROPPING +1 war axe of venom.
  8584 | D:9      | Found Fuib's Changing Room.
  8592 | D:9      | Noticed a two-headed ogre
  8596 | D:9      | 8596 ||| INVOKING Heroism.
  8604 | D:9      | Killed a two-headed ogre
  8654 | D:9      | 8654 ||| BUYING potion of lignification (51 gold).
  8654 | D:9      | Bought a potion of lignification for 51 gold pieces
  8654 | D:9      | 8654 ||| BUYING potion of lignification (51 gold).
  8654 | D:9      | Bought a potion of lignification for 51 gold pieces
  8734 | D:9      | Found a staircase to the Orcish Mines.
  8772 | D:9      | 8772 ||| INVOKING Heroism.
  8781 | D:9      | Received a gift from Okawaru
  8974 | D:9      | 8974 ||| INVOKING Heroism.
  8979 | D:9      | Reached XP level 11. HP: 62/68 MP: 9/15
  9039 | D:9      | 9039 ||| FLEEEEING.
  9043 | D:9      | 9043 ||| FLEEEEING.
  9044 | D:9      | 9044 ||| FLEEEEING.
  9045 | D:9      | 9045 ||| FLEEEEING.
  9046 | D:9      | 9046 ||| FLEEEEING.
  9047 | D:9      | 9047 ||| FLEEEEING.
  9051 | D:9      | 9051 ||| INVOKING Heroism.
  9055 | D:9      | Noticed a centaur warrior
  9061 | D:9      | 9061 ||| Stepping ~*~*~tactically~*~*~ (hiding).
  9063 | D:9      | 9063 ||| Stepping ~*~*~tactically~*~*~ (hiding).
  9064 | D:9      | 9064 ||| Stepping ~*~*~tactically~*~*~ (hiding).
  9070 | D:9      | Killed a centaur warrior
  9071 | D:9      | Reached skill level 11 in Axes
  9084 | D:9      | 9084 ||| Stepping ~*~*~tactically~*~*~ (stealth).
  9085 | D:9      | 9085 ||| Stepping ~*~*~tactically~*~*~ (stealth).
  9087 | D:9      | 9087 ||| Stepping ~*~*~tactically~*~*~ (stealth).
  9107 | D:9      | Noticed a six-headed hydra
  9108 | D:9      | 9108 ||| INVOKING Heroism.
  9112 | D:9      | 9112 ||| SWAPPING to +0 flail.
  9113 | D:9      | Noticed a manticore
  9115 | D:9      | HP: 15/68 [six-headed hydra (5)]
  9116 | D:9      | 9116 ||| READING 2 scrolls of teleportation.
  9117 | D:9      | 9117 ||| DRINKING 2 potions of heal wounds.
  9120 | D:9      | 9120 ||| SWAPPING to +3 war axe of protection.
  9468 | D:9      | Found Sagoun's Assorted Antiques.
  9590 | D:9      | Noticed a five-headed hydra
  9591 | D:9      | 9591 ||| Stepping ~*~*~tactically~*~*~ (hiding).
  9592 | D:9      | 9592 ||| INVOKING Heroism.
  9593 | D:9      | 9593 ||| SWAPPING to +0 broad axe.
  9595 | D:9      | 9595 ||| SWAPPING to +0 flail.
  9601 | D:9      | Killed a five-headed hydra
  9602 | D:9      | 9602 ||| SWAPPING to +0 broad axe.
  9605 | D:9      | 9605 ||| SWAPPING to +0 flail.
  9619 | D:9      | Killed a six-headed hydra
  9620 | D:9      | Reached skill level 9 in Fighting
  9620 | D:9      | 9620 ||| SWAPPING to +0 broad axe.
  9621 | D:9      | Paralysed by a kobold brigand for 2 turns
  9637 | D:9      | Killed a manticore
  9679 | D:9      | 9679 ||| DROPPING +3 war axe of protection.
  9742 | D:9      | 9742 ||| READING scroll of brand weapon.
  9742 | D:9      | 9742 ||| BRANDING +0 broad axe.
  9743 | D:9      | 9743 ||| DROPPING +0 flail.
  9781 | D:9      | 9781 ||| UPGRADING to +0 plate armour.
  9791 | D:9      | 9791 ||| DROPPING +0 chain mail.
  9792 | D:9      | 9792 ||| DROPPING +1 ring mail of fire resistance.
  9793 | D:9      | 9793 ||| UPGRADING to +2 plate armour of cold resistance.
  9803 | D:9      | 9803 ||| DROPPING +0 plate armour.
  9849 | D:10     | Entered Level 10 of the Dungeon
  9850 | D:10     | 9850 ||| INVOKING Heroism.
  9969 | D:10     | 9969 ||| Stepping ~*~*~tactically~*~*~ (hiding).
  9971 | D:10     | 9971 ||| Stepping ~*~*~tactically~*~*~ (hiding).
  9972 | D:10     | 9972 ||| Stepping ~*~*~tactically~*~*~ (hiding).
 10093 | D:10     | 10093 ||| READING scroll of enchant weapon.
 10093 | D:10     | 10093 ||| ENCHANTING +0 broad axe of flaming.
 10154 | D:10     | Noticed Josephine
 10163 | D:10     | 10163 ||| INVOKING Heroism.
 10169 | D:10     | Killed Josephine
 10169 | D:10     | Received a gift from Okawaru
 10434 | D:10     | 10434 ||| Stepping ~*~*~tactically~*~*~ (hiding).
 10435 | D:10     | 10435 ||| FLEEEEING.
 10436 | D:10     | 10436 ||| FLEEEEING.
 10437 | D:10     | 10437 ||| FLEEEEING.
 10438 | D:10     | 10438 ||| Stepping ~*~*~tactically~*~*~ (hiding).
 10474 | D:10     | 10474 ||| Stepping ~*~*~tactically~*~*~ (hiding).
 10476 | D:10     | 10476 ||| Stepping ~*~*~tactically~*~*~ (hiding).
 10479 | D:10     | 10479 ||| Stepping ~*~*~tactically~*~*~ (hiding).
 10480 | D:10     | 10480 ||| INVOKING Heroism.
 10582 | D:9      | 10582 ||| BUYING 2 potions of curing (132 gold).
 10582 | D:9      | Bought 2 potions of curing for 132 gold pieces
 10582 | D:9      | 10582 ||| BUYING glass wand (88 gold).
 10582 | D:9      | Bought a glass wand for 88 gold pieces
 10582 | D:9      | 10582 ||| BUYING potion of curing (66 gold).
 10582 | D:9      | Bought a potion of curing for 66 gold pieces
 10582 | D:9      | 10582 ||| SHOPLISTING potion of magic (176 gold, have 153).
 10582 | D:9      | 10582 ||| BUYING scroll of identify (44 gold).
 10582 | D:9      | Bought a scroll of identify for 44 gold pieces
 10582 | D:9      | 10582 ||| BUYING scroll of teleportation (66 gold).
 10582 | D:9      | Bought a scroll of teleportation for 66 gold pieces
 10582 | D:9      | 10582 ||| PLANNING LAIR
 10582 | D:9      | 10582 ||| DROPPING wand of flame (8).
 10644 | Lair:1   | Entered Level 1 of the Lair of Beasts
 10739 | Lair:1   | 10739 ||| INVOKING Heroism.
 10745 | Lair:1   | Received a gift from Okawaru
 10928 | Lair:1   | 10928 ||| INVOKING Heroism.
 11044 | Lair:1   | 11044 ||| INVOKING Heroism.
 11151 | Lair:1   | Noticed Urug
 11153 | Lair:1   | 11153 ||| Stepping ~*~*~tactically~*~*~ (hiding).
 11158 | Lair:1   | 11158 ||| INVOKING Heroism.
 11167 | Lair:1   | Killed Urug
 11168 | Lair:1   | Reached skill level 9 in Invocations
 11168 | Lair:1   | Reached XP level 12. HP: 60/76 MP: 11/18
 11269 | Lair:1   | 11269 ||| READING scroll of enchant weapon.
 11269 | Lair:1   | 11269 ||| ENCHANTING +1 broad axe of flaming.
 11281 | Lair:1   | 11281 ||| Stepping ~*~*~tactically~*~*~ (stealth).
 11599 | Lair:1   | Noticed Grum
 11600 | Lair:1   | 11600 ||| INVOKING Heroism.
 11610 | Lair:1   | Killed Grum
 11744 | Lair:1   | 11744 ||| READING 5 scrolls of identify.
 11744 | Lair:1   | 11744 ||| IDENTIFYING grey potion
 11745 | Lair:1   | 11745 ||| READING 4 scrolls of identify.
 11745 | Lair:1   | 11745 ||| IDENTIFYING coppery potion
 11746 | Lair:1   | 11746 ||| DROPPING potion of brilliance.
 11753 | Lair:1   | 11753 ||| Stepping ~*~*~tactically~*~*~ (stealth).
 11760 | Lair:1   | 11760 ||| INVOKING Heroism.
 11815 | Lair:2   | 11815 ||| STAIRDANCE
 11862 | Lair:2   | Received a gift from Okawaru
 11882 | Lair:2   | Reached skill level 12 in Axes
 12066 | Lair:2   | Noticed a boulder beetle
 12067 | Lair:2   | 12067 ||| INVOKING Heroism.
 12088 | Lair:2   | Killed a boulder beetle
 12144 | Lair:2   | 12144 ||| Stepping ~*~*~tactically~*~*~ (stealth).
 12154 | Lair:2   | Reached ***** piety under Okawaru
 12192 | Lair:2   | Reached skill level 9 in Armour
 12196 | Lair:2   | Received a gift from Okawaru
 12217 | Lair:2   | 12217 ||| Stepping ~*~*~tactically~*~*~ (stealth).
 12428 | Lair:2   | 12428 ||| INVOKING Heroism.
 12429 | Lair:2   | 12429 ||| Stepping ~*~*~tactically~*~*~ (stealth).
 12433 | Lair:2   | Reached skill level 6 in Shields
 12441 | Lair:2   | Received a gift from Okawaru
 12587 | Lair:2   | You fall into a shaft and drop 2 floors!
 12588 | Lair:4   | 12588 ||| INVOKING Heroism.
 12594 | Lair:4   | 12594 ||| Stepping ~*~*~tactically~*~*~ (stealth).
 12601 | Lair:4   | Received a gift from Okawaru
 12602 | Lair:4   | 12602 ||| INVOKING Heroism.
 12617 | Lair:4   | Reached XP level 13. HP: 78/82 MP: 0/20
 12618 | Lair:4   | Received a gift from Okawaru
 12631 | Lair:4   | Reached skill level 13 in Axes
 12638 | Lair:4   | 12638 ||| Stepping ~*~*~tactically~*~*~ (stealth).
 12643 | Lair:4   | 12643 ||| INVOKING Heroism.
 12682 | Lair:4   | 12682 ||| Stepping ~*~*~tactically~*~*~ (stealth).
 12684 | Lair:4   | 12684 ||| Stepping ~*~*~tactically~*~*~ (stealth).
 12691 | Lair:4   | 12691 ||| INVOKING Heroism.
 12751 | Lair:4   | 12751 ||| Stepping ~*~*~tactically~*~*~ (stealth).
 12752 | Lair:4   | 12752 ||| Stepping ~*~*~tactically~*~*~ (stealth).
 12870 | Lair:4   | 12870 ||| UPGRADING to ring of protection from fire.
 12871 | Lair:4   | 12871 ||| UPGRADING to +4 ring of protection.
 12873 | Lair:4   | 12873 ||| READING scroll labelled SECHYE HOHUS.
 13270 | Lair:2   | 13270 ||| INVOKING Heroism.
 13277 | Lair:2   | Received a gift from Okawaru
 13319 | Lair:2   | Found a staircase to the Snake Pit.
 13320 | Lair:2   | 13320 ||| Stepping ~*~*~tactically~*~*~ (hiding).
 13465 | Lair:2   | Found a staircase to the Shoals.
 13694 | Lair:2   | 13694 ||| READING scroll labelled FEHYOCV GABE.
 13769 | Lair:3   | 13769 ||| Stepping ~*~*~tactically~*~*~ (stealth).
 13784 | Lair:3   | 13784 ||| INVOKING Heroism.
 13852 | Lair:3   | 13852 ||| INVOKING Heroism.
 14014 | Lair:3   | 14014 ||| FLEEEEING.
 14015 | Lair:3   | 14015 ||| FLEEEEING.
 14017 | Lair:3   | 14017 ||| FLEEEEING.
 14018 | Lair:3   | 14018 ||| FLEEEEING.
 14019 | Lair:3   | 14019 ||| FLEEEEING.
 14020 | Lair:3   | 14020 ||| FLEEEEING.
 14021 | Lair:3   | 14021 ||| STAIRDANCE
 14046 | Lair:2   | 14046 ||| Stepping ~*~*~tactically~*~*~ (stealth).
 14053 | Lair:3   | 14053 ||| STAIRDANCE
 14202 | Lair:3   | 14202 ||| READING 3 scrolls of enchant armour.
 14202 | Lair:3   | 14202 ||| ENCHANTING +0 helmet.
 14203 | Lair:3   | 14203 ||| READING 2 scrolls of enchant armour.
 14203 | Lair:3   | 14203 ||| ENCHANTING +1 helmet.
 14204 | Lair:3   | 14204 ||| READING scroll of enchant armour.
 14204 | Lair:3   | 14204 ||| ENCHANTING +2 plate armour of cold resistance.
 14536 | Lair:3   | 14536 ||| READING scroll labelled VOS QAUFOR.
 14536 | Lair:3   | Identified a scroll of acquirement
 14536 | Lair:3   | 14536 ||| ACQUIRING ring of Heov {rF+ rN+ Str+6 Dex+2}
 14536 | Lair:3   | Acquired the ring of Heov {rF+ rN+ Str+6 Dex+2}
 14538 | Lair:3   | 14538 ||| DROPPING ring of fire.
 14539 | Lair:3   | 14539 ||| UPGRADING to ring of Heov {rF+ rN+ Str+6 Dex+2}.
 14541 | Lair:3   | 14541 ||| DROPPING ring of positive energy.
 14542 | Lair:3   | 14542 ||| UPGRADING to +4 ring of protection.
 14586 | Lair:4   | Found a staircase to the Slime Pits.
 14587 | Lair:4   | Found a viscous altar of Jiyva.
 14602 | Lair:4   | 14602 ||| INVOKING Heroism.
 14664 | Lair:4   | 14664 ||| FLEEEEING.
 14665 | Lair:4   | 14665 ||| FLEEEEING.
 14666 | Lair:4   | 14666 ||| FLEEEEING.
 14667 | Lair:4   | 14667 ||| FLEEEEING.
 14668 | Lair:4   | 14668 ||| FLEEEEING.
 14669 | Lair:4   | 14669 ||| FLEEEEING.
 14670 | Lair:4   | 14670 ||| FLEEEEING.
 14671 | Lair:4   | 14671 ||| FLEEEEING.
 14672 | Lair:4   | 14672 ||| FLEEEEING.
 14673 | Lair:4   | 14673 ||| FLEEEEING.
 14674 | Lair:4   | 14674 ||| STAIRDANCE
 14779 | Lair:4   | 14779 ||| STAIRDANCE
 14821 | Lair:4   | Reached skill level 3 in Dodging
 14882 | Lair:4   | 14882 ||| Stepping ~*~*~tactically~*~*~ (stealth).
 15052 | Lair:4   | 15052 ||| INVOKING Heroism.
 15529 | Lair:5   | Entered Level 5 of the Lair of Beasts
 15530 | Lair:5   | 15530 ||| INVOKING Heroism.
 15539 | Lair:5   | Reached skill level 14 in Axes
 15656 | Lair:5   | 15656 ||| Stepping ~*~*~tactically~*~*~ (stealth).
 15658 | Lair:5   | 15658 ||| INVOKING Heroism.
 15665 | Lair:5   | Received a gift from Okawaru
 15666 | Lair:5   | 15666 ||| INVOKING Finesse.
 15731 | Lair:5   | 15731 ||| Stepping ~*~*~tactically~*~*~ (stealth).
 15737 | Lair:5   | 15737 ||| Stepping ~*~*~tactically~*~*~ (stealth).
 15872 | Lair:5   | 15872 ||| INVOKING Heroism.
 15885 | Lair:5   | 15885 ||| Stepping ~*~*~tactically~*~*~ (stealth).
 15898 | Lair:5   | Received a gift from Okawaru
 15944 | Lair:5   | 15944 ||| INVOKING Heroism.
 15989 | Lair:5   | 15989 ||| Stepping ~*~*~tactically~*~*~ (stealth).
 15993 | Lair:5   | Gained mutation: Your large and strong wings let you fly.
                  | [Gargoyle growth]
 15993 | Lair:5   | Reached XP level 14. HP: 90/90 MP: 19/21
 16026 | Lair:5   | 16026 ||| Stepping ~*~*~tactically~*~*~ (stealth).
 16053 | Lair:5   | 16053 ||| Stepping ~*~*~tactically~*~*~ (stealth).
 16170 | Lair:5   | 16170 ||| Stepping ~*~*~tactically~*~*~ (stealth).
 16395 | Lair:5   | 16395 ||| INVOKING Heroism.
 16407 | Lair:5   | 16407 ||| Stepping ~*~*~tactically~*~*~ (stealth).
 16445 | Lair:5   | Reached skill level 15 in Axes
 16534 | Lair:5   | 16534 ||| Stepping ~*~*~tactically~*~*~ (stealth).
 16584 | Lair:5   | 16584 ||| Stepping ~*~*~tactically~*~*~ (stealth).
 16709 | Lair:5   | 16709 ||| Stepping ~*~*~tactically~*~*~ (stealth).
 16711 | Lair:5   | 16711 ||| Stepping ~*~*~tactically~*~*~ (stealth).
 16719 | Lair:5   | 16719 ||| Stepping ~*~*~tactically~*~*~ (stealth).
 16725 | Lair:5   | 16725 ||| Stepping ~*~*~tactically~*~*~ (stealth).
 16738 | Lair:5   | 16738 ||| Stepping ~*~*~tactically~*~*~ (stealth).
 16739 | Lair:5   | 16739 ||| Stepping ~*~*~tactically~*~*~ (stealth).
 16750 | Lair:5   | 16750 ||| Stepping ~*~*~tactically~*~*~ (stealth).
 16777 | Lair:5   | 16777 ||| Stepping ~*~*~tactically~*~*~ (stealth).
 16780 | Lair:5   | 16780 ||| Stepping ~*~*~tactically~*~*~ (stealth).
 16785 | Lair:5   | 16785 ||| Stepping ~*~*~tactically~*~*~ (stealth).
 16791 | Lair:5   | 16791 ||| Stepping ~*~*~tactically~*~*~ (stealth).
 16792 | Lair:5   | 16792 ||| Stepping ~*~*~tactically~*~*~ (stealth).
 16824 | Lair:5   | 16824 ||| Stepping ~*~*~tactically~*~*~ (stealth).
 16826 | Lair:5   | 16826 ||| INVOKING Heroism.
 16978 | Lair:5   | 16978 ||| READING scroll of enchant armour.
 16978 | Lair:5   | 16978 ||| ENCHANTING +3 plate armour of cold resistance.
 17116 | Lair:5   | 17116 ||| READING scroll of enchant weapon.
 17116 | Lair:5   | 17116 ||| ENCHANTING +2 broad axe of flaming.
 17185 | Lair:5   | 17185 ||| UPGRADING to +2 buckler of positive energy.
 17191 | Lair:5   | 17191 ||| INVOKING Heroism.
 17224 | Lair:5   | 17224 ||| UPGRADING to +2 buckler of positive energy.
 17234 | Lair:5   | 17234 ||| DROPPING +0 buckler.
 17339 | Lair:5   | Reached skill level 12 in Fighting
 17392 | Lair:5   | 17392 ||| PLANNING D:1-11
 17392 | Lair:5   | 17392 ||| DROPPING +6 ring of dexterity.
 17393 | Lair:5   | 17393 ||| READING 2 scrolls labelled TIEWKO ZOSMISS.
 17394 | Lair:5   | 17394 ||| DROPPING scroll of summoning.
 17454 | Lair:2   | 17454 ||| Stepping ~*~*~tactically~*~*~ (stealth).
 17982 | D:11     | Noticed Sonja
 17987 | D:11     | 17987 ||| Stepping ~*~*~tactically~*~*~ (hiding).
 17988 | D:11     | 17988 ||| Stepping ~*~*~tactically~*~*~ (hiding).
 17989 | D:11     | 17989 ||| Stepping ~*~*~tactically~*~*~ (hiding).
 17995 | D:11     | 17995 ||| Stepping ~*~*~tactically~*~*~ (hiding).
 17999 | D:11     | 17999 ||| INVOKING Heroism.
 17999 | D:11     | HP: 14/92 [Sonja/+2 short sword of distortion (20)]
 17999 | D:11     | Mangled by Sonja

Levels and vault maps discovered:
D:1:      minmay_arrival_stone_box, layout_rooms, ebering_ecumenical_altar_rust
D:2:      layout_basic, basic_altar
D:3:      layout_basic, hangedman_decor_diamond_cutter,
          minmay_misc_feat_enclosed
D:4:      layout_loops_ring, mainiacjoe_overflow_boulevard, uniq_robin,
          uniq_sigmund, uniq_duvessa, uniq_natasha, uniq_grinder
D:5:      layout_loops_ring, nicolae_overflows_in_rows,
          minmay_temple_entry_grid, serial_shops, shop, minmay_misc_feat_room,
          uniq_menkaure
D:6:      kennysheep_spiral_hall, layout_basic
D:7:      lemuel_slime, layout_basic, nzn_ghost_randoct,
          nicolae_underground_beach, uniq_prince_ribbit1
D:8:      layout_layer_cave, lightli_church_of_beogh
D:9:      minmay_chambers_of_sevens, layout_loops_corners, erik_lair_island,
          orc_0_dummy, nicolae_take_the_stairs, nicolae_transmutations_shop
D:10:     layout_long_grid, enter_bailey_4, uniq_josephine
D:11:     layout_loops_corners, uniq_sonja
Lair:1:   layout_regular_city, bh_autumn_forest_stairs, serial_bayou_shore_b,
          grunt_megastairs_4, uniq_grum, uniq_urug
Lair:2:   layout_small_grid, minmay_shoals_entry_hut,
          guppyfry_snake_entry_garden
Lair:3:   layout_chaotic_city, serial_bayou_crossing,
          infiniplex_staircase_pool_2, lemuel_fruit_tree
Lair:4:   statuecave_lemuel, layout_hall_layers, nicolae_slime_entry_slimehenge,
          forest_entry_grove, grunt_megastairs_1, serial_bayou_shore_a
Lair:5:   hangedman_lair_tendril_chambers, layout_loops_ring,
          minmay_shattered_shrine

Skill      XL: |  1  2  3  4  5  6  7  8  9 10 11 12 13 14 |
---------------+-------------------------------------------+-----
Axes           | 2 3 4 5 6 8 9 10 11 12 14 15 | 15.0
Invocations    | 1 3 4 6 9 10 | 10.0
Throwing       | 1 2 4 5 |  5.2
Fighting       | 4 5 7 8 9 10 11 12 | 12.0
Dodging        | 1 2 3 |  3.0
Armour         | 4 5 6 8 9 10 11 | 11.0
Shields        | 4 5 6 7 |  7.2

Action                     |  1- 3 |  4- 6 |  7- 9 | 10-12 | 13-15 || total
---------------------------+-------+-------+-------+-------+-------++-------
  Melee: War axe           |    56 |   116 |   205 |   187 |       ||   564
         Kick              |     3 |    22 |    49 |    13 |       ||    87
         Broad axe         |       |       |       |   211 |   322 ||   533
         Flail             |       |       |       |    25 |       ||    25
  Throw: Javelin           |       |     5 |    45 |    74 |   125 ||   249
         Boomerang         |       |       |       |     1 |    25 ||    26
 Invoke: Heroism           |       |     2 |     9 |    23 |    15 ||    49
         Finesse           |       |       |       |       |     1 ||     1
    Use: Scroll            |     5 |     3 |    10 |     7 |     9 ||    34
         Potion            |     1 |       |     4 |     1 |       ||     6
 Armour: Scale mail        |    26 |    36 |       |       |       ||    62
         Chain mail        |       |    33 |   112 |   203 |       ||   348
         Plate armour      |       |       |       |   172 |   212 ||   384
  Dodge: Dodged            |    36 |    67 |    65 |   219 |    98 ||   485
  Block: Buckler           |     9 |    21 |    43 |   112 |    66 ||   251

Table legend:
 A = Non-vault XP
 B = Vault XP
 C = Vault XP percentage of total XP
 D = Non-vault monster count
 E = Vault monster count
 F = Vault count percentage of total count
                 A         B        C        D         E       F
            +---------+---------+-------+---------+---------+-------
      Total |   40803 |   28725 |  41.3 |     270 |     147 |  35.3
            +---------+---------+-------+---------+---------+-------
        D:1 |      27 |       0 |   0.0 |      14 |       0 |   0.0
        D:2 |      90 |       0 |   0.0 |      23 |       0 |   0.0
        D:3 |     266 |       0 |   0.0 |      24 |       0 |   0.0
        D:4 |     275 |     776 |  73.8 |      18 |      16 |  47.1
        D:5 |     655 |     169 |  20.5 |      13 |       1 |   7.1
        D:6 |    1958 |     275 |  12.3 |      26 |       4 |  13.3
        D:7 |     169 |    1046 |  86.1 |       5 |      17 |  77.3
        D:8 |     366 |       0 |   0.0 |       9 |       0 |   0.0
        D:9 |    2246 |    5326 |  70.3 |      26 |      20 |  43.5
       D:10 |    1145 |    1787 |  60.9 |       9 |      10 |  52.6
       D:11 |     317 |       0 |   0.0 |       2 |       0 |   0.0
     Lair:1 |    2459 |    1864 |  43.1 |       9 |       7 |  43.8
     Lair:2 |   10180 |     567 |   5.3 |      29 |       3 |   9.4
     Lair:3 |    2992 |     588 |  16.4 |       5 |       3 |  37.5
     Lair:4 |    6830 |    2572 |  27.4 |      30 |      20 |  40.0
     Lair:5 |   10828 |   13755 |  56.0 |      28 |      46 |  62.2
            +---------+---------+-------+---------+---------+-------
